 Dungeon Crawl Stone Soup version 0.23-a0-171-g5ae17c6 (webtiles) character file.

779 topirishpotato the Insei (level 7, -6/43 HPs)
             Began as an Octopode Transmuter on Sept 14, 2018.
             Was a Follower of Dithmenos.
             Shot with an arrow by a centaur (12 damage)
             ... on level 6 of the Dungeon.
             The game lasted 00:22:57 (6368 turns).

topirishpotato the Insei (Octopode Transmuter)      Turns: 6368, Time: 00:22:58

Health: -6/43      AC:  1    Str: 12    XL:     7   Next: 85%
Magic:  10/10      EV: 13    Int: 15    God:    Dithmenos [*.....]
Gold:   409        SH:  0    Dex: 12    Spells: 4/10 levels left

rFire    . . .     SeeInvis .     - Unarmed
rCold    . . .     Gourm    .   (no shield)
rNeg     . . .     Faith    .   (helmet restricted)
rPois    .         Spirit   .   (no amulet)
rElec    .         Reflect  .   (no ring)
rCorr    .         Harm     .   (no ring)
MR       .....                  (no ring)
Stlth    +++++.....             (no ring)
HPRegen  0.14/turn              (no ring)
MPRegen  0.12/turn              (no ring)
                                (no ring)
                                (no ring)

@: appendage (expiring), wreathed by umbra
A: almost no armour, stealthy swim, amphibious, 8 rings, constrict 8, tentacle
spike 3, camouflage 1, gelatinous body 1
a: End Transformation, Renounce Religion


You were on level 6 of the Dungeon.
You worshipped Dithmenos.
Dithmenos was aware of your devotion.
You were not hungry.
One of your tentacles had a temporary spike.
You visited 1 branch of the dungeon, and saw 6 of its levels.
You also visited: Sewer.

You collected 409 gold pieces.

Inventory:

Hand Weapons
 l - a +0 blowgun
Missiles
 a - 74 arrows
 m - 32 poisoned needles
Jewellery
 q - a cursed amulet of inaccuracy {unknown}
Wands
 b - a wand of polymorph (15)
 r - a wand of iceblast (9)
Scrolls
 e - a scroll of amnesia {unknown}
 h - 4 scrolls of magic mapping {unknown}
 j - 3 scrolls of identify {unknown}
 k - a scroll of immolation {unknown}
 n - a scroll of fear
 o - 3 scrolls of remove curse
Potions
 d - 2 potions of flight {unknown}
 f - a potion of heal wounds {unknown}
 g - a potion of berserk rage {unknown}
 i - a potion of curing
 p - a potion of degeneration {unknown}
Comestibles
 c - 10 rations


   Skills:
 - Level 1.0 Fighting
 + Level 2.0 Dodging
 - Level 6.0 Stealth
 + Level 6.2 Unarmed Combat
 - Level 2.0 Spellcasting
 + Level 3.8 Transmutations
 * Level 3.6 Poison Magic


You had 4 spell levels left.
You knew the following spells:

 Your Spells              Type           Power        Failure   Level  Hunger
a - Beastly Appendage     Tmut           ##....       4%          1    #......
b - Sticks to Snakes      Tmut           ##......     7%          2    ###....
c - Spider Form           Tmut/Pois      ##........   14%         3    ###....

Your spell library contained the following spells:

 Spells                   Type           Power        Failure   Level  Hunger
 Magic Dart               Conj           #...         22%         1    #......
 Summon Small Mammal      Summ           #...         22%         1    #......
 Blink                    Tloc           N/A          32%         2    ###....
 Call Imp                 Summ           #.......     32%         2    ###....
 Slow                     Hex            #.......     32%         2    ###....
 Mephitic Cloud           Conj/Pois/Air  #.......     38%         3    ###....
 Call Canine Familiar     Summ           #.......     54%         3    ###....
 Conjure Flame            Conj/Fire      #.......     54%         3    ###....
 Summon Guardian Golem    Hex/Summ       #.......     54%         3    ###....
 Ice Form                 Ice/Tmut       #.......     69%         4    #####..
 Summon Ice Beast         Ice/Summ       #.......     91%         4    #####..
 Summon Lightning Spire   Summ/Air       #.......     91%         4    #####..
 Blade Hands              Tmut           ##........   77%         5    ######.


Dungeon Overview and Level Annotations

Branches:
Dungeon (6/15)
 Temple: D:4-7

Altars:
Ashenzari
Dithmenos
Elyvilon
Gozag
Makhleb
Trog

Shops:
D:6 [


Innate Abilities, Weirdness & Mutations

You cannot wear most types of armour.
You are very stealthy in the water. (Stealth+)
You are amphibious.
You can wear up to eight rings at the same time.
You can use your tentacles to constrict eight enemies at once.
Your skin changes colour to match your surroundings (Stealth+).
Your rubbery body absorbs attacks. (AC +1, EV +1)
One of your tentacles bears a large vicious spike.


Message History

The centaur hits you!
You barely miss the centaur.
The centaur is almost dead.
The centaur hits you!
You tentacle-slap the centaur but do no damage.
You pierce the centaur.
The centaur is almost dead.
The centaur misses you. The phantom closely misses you.
The centaur closely misses you.
You tentacle-slap the centaur.
The centaur is almost dead.
The centaur closely misses you. The phantom closely misses you.
The centaur hits you but does no damage.
The phantom hits you! The centaur misses you. The centaur closely misses you.
The phantom blinks!
The centaur wields a shortbow.
The centaur shoots an arrow.
The arrow hits you!
* * * LOW HITPOINT WARNING * * *
You see here an arrow.
The centaur shoots an arrow.
The arrow hits you!
You die...

###############
..............#
########...##.#
#8...8#.# #######
##...##@####.....##.
#...##..c..........
##...#####...$......
#8...8# #.....W....
####...##
#..........
###8##...#
#..%.......
[........##
#..........
.........⌠#
#..........
.........##
##.........


You could see a centaur.

Vanquished Creatures
  A big kobold (Sewer)
  A crimson imp (D:5)
  A bullfrog zombie (D:5)
  A hound (D:5)
  A bullfrog skeleton (D:5)
  2 orc wizards
  An orc priest (D:3)
  2 iguanas
  5 worker ants
  A gnoll (D:4)
  12 adders
  2 river rats
  2 shadow imps (D:5)
  5 oozes
  An adder zombie (D:5)
  10 worms
  3 dart slugs
  2 leopard geckos
  14 orcs
  A ball python (D:3)
  4 bats
  7 giant cockroaches
  12 hobgoblins
  8 jackals
  12 kobolds
  3 quokkas
  4 frilled lizards
  5 goblins
  2 quokka skeletons (D:6)
  11 rats
136 creatures vanquished.

Vanquished Creatures (collateral kills)
  A rat (D:5)
1 creature vanquished.

Grand Total: 137 creatures vanquished

Notes
Turn   | Place    | Note
-------+----------+-------------------------------------------
     0 | D:1      | topirishpotato the Octopode Transmuter began the quest for
                  | the Orb.
     0 | D:1      | Reached XP level 1. HP: 13/13 MP: 3/3
   106 | D:1      | Reached skill level 1 in Stealth
   106 | D:1      | Reached XP level 2. HP: 18/18 MP: 5/5
   302 | D:1      | Reached XP level 3. HP: 23/23 MP: 6/6
  1189 | D:2      | Reached XP level 4. HP: 22/28 MP: 4/7
  1199 | D:2      | Learned a level 2 spell: Sticks to Snakes
  1203 | D:2      | Learned a level 3 spell: Spider Form
  1596 | D:3      | HP: 1/28 [orc wizard/dagger (5)]
  1615 | D:3      | Reached XP level 5. HP: 6/33 MP: 8/8
  2094 | D:3      | Reached skill level 1 in Poison Magic
  2134 | D:3      | Reached skill level 5 in Stealth
  2712 | D:3      | Found a bloodstained altar of Trog.
  2967 | D:4      | Reached XP level 6. HP: 5/38 MP: 7/9
  3192 | D:4      | Found a shadowy altar of Dithmenos.
  3228 | D:4      | Became a worshipper of Dithmenos the Shadowed
  3392 | D:5      | Entered Level 5 of the Dungeon
  3392 | D:5      | Found a white marble altar of Elyvilon.
  3688 | D:5      | Found a glowing drain.
  3695 | Sewer    | Entered a sewer
  4050 | Sewer    | Reached * piety under Dithmenos
  4050 | Sewer    | Reached skill level 5 in Unarmed Combat
  4071 | Sewer    | Found a white marble altar of Elyvilon.
  4201 | D:5      | Reached XP level 7. HP: 39/43 MP: 10/10
  5896 | D:5      | Found a burning altar of Makhleb.
  5896 | D:5      | Noticed a balrug
  5900 | D:5      | Noticed a neqoxec
  5900 | D:5      | Noticed a smoke demon
  5980 | D:5      | Found an opulent altar of Gozag.
  5993 | D:6      | Found a white marble altar of Elyvilon.
  6254 | D:6      | Found a shattered altar of Ashenzari.
  6303 | D:6      | Found Tedaj's Antique Armour Boutique.
  6368 | D:6      | Shot with an arrow by a centaur

Vault maps used:
D:1:      dpeg_arrival_brainrot
D:3:      lightli_temple_of_fire
D:4:      minmay_splitting_lines, nicolae_dithmenos_through_a_glass_darkly,
          uniq_sigmund
D:5:      makhleb_altar_promises_db, kennysheep_mini_moat, basic_altar,
          first_ration, lightli_sewer_entry_pipes
D:6:      cheibrodos_quashed, elyvilon_altar_1, serial_shops, kennysheep_mini,
          serial_corexii_hall, corexii_hall_statues_x, corexii_hall_statues_t,
          ashenzari_altar_1
Sewer:    sewer_kobolds

Skill      XL: |  1  2  3  4  5  6  7 |
---------------+----------------------+-----
Stealth        | 1 3 4 5 6 |  6.0
Unarmed Combat | 4 5 6 |  6.2
Poison Magic   | 1 2 3 |  3.6
Transmutations | 3 |  3.8
Fighting       | |  1.0
Dodging        | |  2.0
Spellcasting   | |  2.0

Action                   |  1- 3 |  4- 6 |  7- 9 || total
-------------------------+-------+-------+-------++-------
Melee: Unarmed           |    67 |   182 |    87 ||   336
       Constrict         |    19 |    42 |    22 ||    83
       Tentacles         |    13 |    25 |    15 ||    53
       Kick              |     4 |    29 |    16 ||    49
       Punch             |       |     4 |     3 ||     7
 Cast: Beastly Appendage |     5 |    33 |    14 ||    52
       Sticks to Snakes  |       |     8 |       ||     8
  Use: Scroll            |       |     5 |       ||     5
       Potion            |       |     3 |       ||     3
 Stab: Sleeping          |    13 |    24 |     4 ||    41
  Eat: Chunk             |       |    10 |     2 ||    12
       Ration            |       |     1 |     1 ||     2
Armor: Skin              |     3 |    15 |     1 ||    19
Dodge: Dodged            |    27 |    91 |    60 ||   178

Table legend:
 A = Non-vault XP
 B = Vault XP
 C = Vault XP percentage of total XP
 D = Non-vault monster count
 E = Vault monster count
 F = Vault count percentage of total count
                 A         B        C        D         E       F
            +---------+---------+-------+---------+---------+-------
      Total |     940 |     173 |  15.5 |     116 |      21 |  15.3
            +---------+---------+-------+---------+---------+-------
        D:1 |      49 |       2 |   3.9 |      22 |       1 |   4.3
        D:2 |      61 |       0 |   0.0 |      19 |       0 |   0.0
        D:3 |     182 |       0 |   0.0 |      36 |       0 |   0.0
        D:4 |      78 |       0 |   0.0 |       6 |       0 |   0.0
        D:5 |     482 |      50 |   9.4 |      23 |      10 |  30.3
        D:6 |      88 |       0 |   0.0 |      10 |       0 |   0.0
      Sewer |       0 |     121 | 100.0 |       0 |      10 | 100.0
            +---------+---------+-------+---------+---------+-------
